 Dungeon Crawl Stone Soup version 0.25-a0-635-g0c6c292ef3 (webtiles) character file.

Game seed: 15874310242989412377, levelgen mode: deterministic

4 Esekla the Skirmisher (level 1, 0/18 HPs)
             Began as a Formicid Abyssal Knight on Mar 20, 2020.
             Was a Follower of Lugonu.
             Slain by a leopard gecko (3 damage)
             ... on level 1 of the Dungeon.
             The game lasted 00:02:47 (471 turns).

Esekla the Skirmisher (Formicid Abyssal Knight)      Turns: 471, Time: 00:02:48

Health: 0/18       AC:  3    Str: 16    XL:     1   Next: 66%
Magic:  2/2        EV: 11    Int: 11    God:    Lugonu [*.....]
Gold:   51         SH:  0    Dex: 10    Spells: 0/0 levels left

rFire    . . .     SeeInvis +   d - +4 battleaxe
rCold    . . .     Gourm    .   (no shield)
rNeg     . . .     Faith    .   b - +0 leather armour
rPois    .         Spirit   .   (helmet unavailable)
rElec    .         Reflect  .   (no cloak)
rCorr    .         Harm     .   (no gloves)
MR       .....                  (no boots)
Stlth    +.........             (no amulet)
HPRegen  0.06/turn              (no ring)
MPRegen  0.08/turn              (no ring)

@: no status effects
A: permanent stasis, dig shafts and tunnels, four strong arms, antennae 3
a: Dig, Shaft Self, Depart the Abyss, Renounce Religion


You were on level 1 of the Dungeon.
You worshipped Lugonu.
Lugonu was aware of your devotion.
You were not hungry.

You visited 1 branch of the dungeon, and saw 1 of its levels.
You visited the Abyss 1 time.

You collected 51 gold pieces.

Inventory:

Hand Weapons
 a - a +1 falchion
 d - a +4 battleaxe (weapon)
Missiles
 e - 2 boomerangs of dispersal (quivered)
Armour
 b - a +0 leather armour (worn)
Scrolls
 f - a scroll of noise {unknown}
 g - a scroll of magic mapping {unknown}
 h - 2 scrolls of teleportation {unknown}
Potions
 i - a potion of curing {unknown}
Comestibles
 c - a ration


   Skills:
 * Level 3.4 Fighting
 + Level 2.0 Long Blades
 * Level 0.8 Axes
 + Level 2.1 Armour
 + Level 0.8 Dodging
 + Level 2.1 Invocations


You couldn't memorise any spells.
You didn't know any spells.
Your spell library was empty.

Dungeon Overview and Level Annotations

Branches:
Dungeon (1/15)

Altars:


Innate Abilities, Weirdness & Mutations

You cannot be hasted, slowed, berserked, paralysed or teleported.
You can dig through walls and to a lower floor.
Your four strong arms can wield two-handed weapons with a shield.
You have a pair of large antennae on your head. (SInv)


Message History

The leopard gecko is moderately wounded.
Your leather armour prevents you from hitting the leopard gecko.
The leopard gecko bites you. x3; The leopard gecko barely misses you.
The leopard gecko barely misses you.
The leopard gecko bites you but does no damage.
The leopard gecko hisses menacingly.
The leopard gecko barely misses you.
You barely miss the leopard gecko. The leopard gecko misses you.
The leopard gecko bites you.
* * * LOW HITPOINT WARNING * * *
You barely miss the leopard gecko. The leopard gecko barely misses you.
The leopard gecko closely misses you.
You closely miss the leopard gecko. The leopard gecko barely misses you.
The leopard gecko bites you.
* * * LOW HITPOINT WARNING * * *
Are you sure you want to shaft yourself?
You feel quite a bit more hungry. The leopard gecko bites you.
* * * LOW HITPOINT WARNING * * *
The leopard gecko bites you.
You die...

######## #.# #.# #.#
#.###### ###......####
##....[......#
#.#######...#####.##.#
#....@ll.......##.##.#
#########...##.##.##.#
##.## ##.##.# #$#
##..... #.# #........
#.# #######.# #.. ...#
### #####


You could see 2 leopard geckos.

Vanquished Creatures
  2 bats (D:1)
  A giant cockroach (D:1)
  A frilled lizard (D:1)
4 creatures vanquished.

Vanquished Creatures (others)
  4 starspawn tentacles (Abyss:2)
4 creatures vanquished.

Grand Total: 8 creatures vanquished

Notes
Turn   | Place    | Note
-------+----------+-------------------------------------------
     0 | Abyss:1  | Esekla the Formicid Abyssal Knight began the quest for the
                  | Orb.
     0 | Abyss:1  | Reached XP level 1. HP: 18/18 MP: 2/2
    27 | Abyss:1  | Found a corrupted altar of Lugonu.
    54 | Abyss:2  | Found a corrupted altar of Lugonu.
    68 | Abyss:2  | Noticed a small abomination
    92 | Abyss:2  | Noticed a tentacled starspawn
   105 | Abyss:2  | Noticed a large abomination
   111 | D:1      | Escaped the Abyss
   421 | D:1      | Reached * piety under Lugonu
   471 | D:1      | Slain by a leopard gecko

Levels and vault maps discovered:
D:1:      lemuel_arrival_rhombus, layout_loops_ring, minmay_tromino_v4_a

Action                   || total
-------------------------++-------
Melee: Battleaxe         ||    17
Throw: Boomerang         ||     3
Invok: Depart the Abyss  ||     1
 Abil: Shaft Self        ||     1
Armor: Leather armour    ||    10
Dodge: Dodged            ||    23

Table legend:
 A = Non-vault XP
 B = Vault XP
 C = Vault XP percentage of total XP
 D = Non-vault monster count
 E = Vault monster count
 F = Vault count percentage of total count
                 A         B        C        D         E       F
            +---------+---------+-------+---------+---------+-------
      Total |       6 |       0 |   0.0 |       4 |       0 |   0.0
            +---------+---------+-------+---------+---------+-------
        D:1 |       6 |       0 |   0.0 |       4 |       0 |   0.0
            +---------+---------+-------+---------+---------+-------
